 Dungeon Crawl Stone Soup version 0.29-a0-284-gf9362112df (webtiles) character file.

Game seed: 631520812852432868

601 chopper the Shield-Bearer (level 7, -3/60 HPs)
             Began as a Gnoll Fighter on Mar 27, 2022.
             Slain by Edmund
             ... wielding a +4 dire flail of protection
              (6 damage)
             ... on level 4 of the Dungeon.
             The game lasted 00:31:27 (4155 turns).

chopper the Shield-Bearer (Gnoll Fighter)           Turns: 4155, Time: 00:31:29

Health: -3/60      AC: 18    Str: 16    XL:     7   Next: 41%
Magic:  10/10      EV:  6    Int:  7    God:
Gold:   235        SH: 11    Dex: 19    Spells: 8/11 levels left

rFire   . . .      SeeInvis .   a - +0 war axe
rCold   . . .      Faith    .   c - +0 buckler
rNeg    . . .      Spirit   .   m - +4 plate armour
rPois   .          Reflect  +   (no helmet)
rElec   .          Harm     .   i - +0 cloak
rCorr   .          Rampage  .   (no gloves)
Will    .....                   (no boots)
Stlth   ..........              k - amulet of reflection
HPRegen 0.20/turn               g - +6 ring of dexterity
MPRegen 0.12/turn               (no ring)

@: no status effects
A: fangs 1, strong nose, distributed training
a: no special abilities


You were on level 4 of the Dungeon.
You visited 1 branch of the dungeon, and saw 4 of its levels.

You collected 284 gold pieces.
You spent 49 gold pieces at shops.

Inventory:

Hand Weapons
 a - a +0 war axe (weapon)
 e - a +2 halberd of flaming
 p - a +2 vorpal hand axe
 t - a +0 flail of protection
Armour
 c - a +0 buckler (worn)
 i - a +0 cloak (worn)
 m - a +4 plate armour (worn)
Jewellery
 g - a +6 ring of dexterity (left hand)
 h - a ring of protection from cold
 k - an amulet of reflection (around neck)
Wands
 o - a wand of acid (1)
Scrolls
 b - 2 scrolls of magic mapping
 f - 2 scrolls of holy word
 j - a scroll of teleportation
 q - a scroll of brand weapon {unknown}
 r - 2 scrolls of fog {unknown}
 s - a scroll of blinking {unknown}
Potions
 d - a potion of might
 l - a potion of invisibility
 n - 2 potions of mutation


   Skills:
 + Level 7.0 Fighting
 + Level 2.5 Short Blades
 + Level 2.5 Long Blades
 + Level 5.2 Axes
 + Level 2.5 Maces & Flails
 + Level 2.5 Polearms
 + Level 2.5 Staves
 + Level 2.5 Slings
 + Level 2.5 Bows
 + Level 2.5 Crossbows
 + Level 2.5 Throwing
 + Level 7.0 Armour
 + Level 2.5 Dodging
 + Level 2.5 Stealth
 + Level 7.0 Shields
 + Level 2.5 Unarmed Combat
 + Level 2.5 Spellcasting
 + Level 2.0 Conjurations
 + Level 2.0 Hexes
 + Level 2.0 Summonings
 + Level 2.0 Necromancy
 + Level 2.0 Translocations
 + Level 2.0 Transmutations
 + Level 2.0 Fire Magic
 + Level 2.0 Ice Magic
 + Level 2.0 Air Magic
 + Level 2.0 Earth Magic
 + Level 2.0 Poison Magic
 + Level 2.7 Invocations
 + Level 2.5 Evocations


You had 8 spell levels left.
You knew the following spells:

 Your Spells              Type           Power      Damage    Failure   Level
a - Ozocubu's Armour      Ice            3%         N/A       100%        3

Your spell library contained the following spells:

 Spells                   Type           Power      Damage    Failure   Level
 Animate Skeleton         Necr           6%         N/A       100%        1
 Pain                     Necr           12%        1d4       100%        1
 Gell's Gravitas          Tloc           3%         N/A       100%        3
 Lesser Beckoning         Tloc           3%         N/A       100%        3
 Teleport Other           Tloc           3%         N/A       100%        3
 Vampiric Draining        Necr           3%         2d6       100%        3
 Metabolic Englaciation   Hex/Ice        1%         N/A       100%        5
 Simulacrum               Ice/Necr       1%         N/A       100%        6


Dungeon Overview and Level Annotations

Branches:
Dungeon (4/15)
 Temple: D:4-7

Altars:

Shops:
D:3 [:

Annotations:
D:4 Edmund


Innate Abilities, Weirdness & Mutations

You have very sharp teeth.
Your uncanny sense of smell can sniff out nearby items.
Your experience applies equally to all skills.


Message History

Edmund is heavily wounded.
You block Edmund's attack. Edmund barely misses you.
You hit Edmund.
Edmund is heavily wounded.
Edmund hits you with a +4 dire flail of protection!
You hit Edmund but do no damage. You bite Edmund.
Edmund is heavily wounded.
Edmund hits you with a +4 dire flail of protection.
You hit Edmund but do no damage. You bite Edmund, but do no damage.
Edmund is heavily wounded.
Edmund hits you with a +4 dire flail of protection.
Edmund hits you with a +4 dire flail of protection!
You hit Edmund but do no damage.
Edmund is heavily wounded.
You block Edmund's attack.
You barely miss Edmund.
Edmund is heavily wounded.
Edmund grinds his teeth, and then sighs.
Edmund hits you with a +4 dire flail of protection!
* * * LOW HITPOINT WARNING * * *
You completely miss Edmund.
Edmund is heavily wounded.
Edmund hits you but does no damage.
Aiming: Corrosive Bolt
Press: ? - help, Shift-Dir - straight line, f - Edmund
Aim: Edmund, wielding a +4 dire flail of protection and wearing a +0 chain mail (heavily wounded, 79% to hit)
The bolt of acid hits Edmund!
The acid corrodes Edmund!
Edmund is severely wounded.
Edmund hits you with a +4 dire flail of protection!
* * * LOW HITPOINT WARNING * * *
Aiming: Corrosive Bolt
Press: ? - help, Shift-Dir - straight line, f/p - Edmund
Aim: Edmund, wielding a +4 dire flail of protection and wearing a +0 chain mail (severely wounded, covered in acid, 79% to hit)
The bolt of acid misses Edmund.
You block Edmund's attack.
Aiming: Corrosive Bolt
Press: ? - help, Shift-Dir - straight line, f/p - Edmund
Aim: Edmund, wielding a +4 dire flail of protection and wearing a +0 chain mail (severely wounded, covered in acid, 79% to hit)
The bolt of acid misses Edmund.
Edmund hits you with a +4 dire flail of protection.
You die...

##.|........###.#.# #.#
###.##.#.P.≈..#.#.# #.#
....##§..≈≈≈≈.....###.#
##...§.§.≈≈≈..........###
.......§P§≈≈≈.#........<.....
##.###§#§§≈≈≈.#..###########.
##.###.#§§.≈..#..# .......#
#..# ##>##### #.@# #.# #.@#
#.## #..# #..# #... ##.# ...#
#.# ###.# #.# #.# #.# #.# #.#
#####


You could see Edmund (corroded).

Vanquished Creatures
  2 bullfrog zombies (D:4)
  A hound (D:3)
  2 gnoll shamans (D:4)
  An orc priest (D:3)
  Terence (D:3)
  2 orc wizards
  4 scorpion zombies (D:4)
  2 hound zombies (D:4)
  A hound skeleton (D:4)
  3 adders
  8 gnolls (D:4)
  An ufetubus (D:2)
  2 adder zombies (D:4)
  2 adder skeletons (D:4)
  A dart slug (D:2)
  3 orcs
  9 ball pythons
  5 endoplasms
  A giant cockroach (D:4)
  6 goblins
  9 hobgoblins
  4 jackals (D:2)
  6 quokkas
  4 bats
  3 frilled lizards
  A jackal zombie (D:4)
  6 kobolds
  4 rats
94 creatures vanquished.

Vanquished Creatures (others)
  2 demonic plants (D:1)
  3 fungi (D:1)
  3 plants (D:1)
  8 withered plants
16 creatures vanquished.

Grand Total: 110 creatures vanquished

Notes
Turn   | Place    | Note
-------+----------+-------------------------------------------
     0 | D:1      | chopper the Gnoll Fighter began the quest for the Orb.
     0 | D:1      | Reached XP level 1. HP: 23/23 MP: 1/1
   168 | D:1      | Reached XP level 2. HP: 29/29 MP: 2/2
   344 | D:1      | Found a faded altar of an unknown god.
   575 | D:2      | Reached XP level 3. HP: 25/35 MP: 3/3
  1010 | D:2      | Reached skill level 1 in Invocations
  1167 | D:2      | Reached skill level 1 in Short Blades
  1167 | D:2      | Reached skill level 1 in Long Blades
  1167 | D:2      | Reached skill level 1 in Maces & Flails
  1167 | D:2      | Reached skill level 1 in Polearms
  1167 | D:2      | Reached skill level 1 in Staves
  1167 | D:2      | Reached skill level 1 in Slings
  1167 | D:2      | Reached skill level 1 in Bows
  1167 | D:2      | Reached skill level 1 in Crossbows
  1167 | D:2      | Reached skill level 1 in Throwing
  1167 | D:2      | Reached skill level 1 in Dodging
  1167 | D:2      | Reached skill level 1 in Stealth
  1167 | D:2      | Reached skill level 1 in Unarmed Combat
  1167 | D:2      | Reached skill level 1 in Spellcasting
  1167 | D:2      | Reached skill level 1 in Evocations
  1220 | D:2      | Reached XP level 4. HP: 41/41 MP: 5/5
  1526 | D:3      | Reached skill level 1 in Conjurations
  1526 | D:3      | Reached skill level 1 in Hexes
  1526 | D:3      | Reached skill level 1 in Summonings
  1526 | D:3      | Reached skill level 1 in Necromancy
  1526 | D:3      | Reached skill level 1 in Translocations
  1526 | D:3      | Reached skill level 1 in Transmutations
  1526 | D:3      | Reached skill level 1 in Fire Magic
  1526 | D:3      | Reached skill level 1 in Ice Magic
  1526 | D:3      | Reached skill level 1 in Air Magic
  1526 | D:3      | Reached skill level 1 in Earth Magic
  1526 | D:3      | Reached skill level 1 in Poison Magic
  1584 | D:3      | Reached XP level 5. HP: 16/47 MP: 6/6
  1646 | D:2      | HP: 2/47 [something (2)]
  1959 | D:3      | Found Palolyso's Armour Emporium.
  1970 | D:3      | Bought a +0 cloak for 49 gold pieces
  2033 | D:3      | Noticed Terence
  2045 | D:3      | Killed Terence
  2230 | D:3      | Found Liogra's Book Shop.
  2257 | D:3      | Learned a level 3 spell: Ozocubu's Armour
  3454 | D:4      | Reached XP level 6. HP: 47/53 MP: 8/8
  3599 | D:4      | Reached skill level 5 in Axes
  3713 | D:4      | Reached XP level 7. HP: 35/59 MP: 10/10
  4119 | D:4      | Noticed Edmund
  4153 | D:4      | HP: 2/60 [Edmund/+4 dire flail of protection (10)]
  4155 | D:4      | Slain by Edmund

Illustrated notes

Levels and vault maps discovered:
D:1:      dpeg_arrival_boxorama, layout_loops_ring,
          shapermc_ecumenical_altar_gd, minivault_14
D:2:      layout_basic, minmay_increasing_density
D:3:      layout_basic, serial_shops, nicolae_shop_stone,
          nicolae_shop_hallway_plus, serial_co_window_serial, co_window_cross_1,
          co_window_corner_a, co_window_of_opportunity_a,
          co_window_of_opportunity_a, co_window_paths_b,
          co_window_of_opportunity_a, co_window_corner_b,
          co_window_of_opportunity_b, co_window_2corner, co_window_broadway_a,
          co_window_2corner, co_window_broadway_b, co_window_2corner,
          co_window_paths_e, glass_columns_a, glass_columns_b, glass_columns_a,
          glass_columns_a, glass_columns_c, minmay_distorted, uniq_terence
D:4:      layout_loops_ring, serial_undead, serial_undead_d, serial_undead_b,
          serial_undead_d, serial_undead_a, serial_undead_a, serial_undead_f,
          uniq_edmund

Skill      XL: |  1  2  3  4  5  6  7 |
---------------+----------------------+-----
Invocations    | 1 2 |  2.7
Short Blades   | 1 2 |  2.5
Long Blades    | 1 2 |  2.5
Maces & Flails | 1 2 |  2.5
Polearms       | 1 2 |  2.5
Staves         | 1 2 |  2.5
Slings         | 1 2 |  2.5
Bows           | 1 2 |  2.5
Crossbows      | 1 2 |  2.5
Throwing       | 1 2 |  2.5
Dodging        | 1 2 |  2.5
Stealth        | 1 2 |  2.5
Unarmed Combat | 1 2 |  2.5
Spellcasting   | 1 2 |  2.5
Evocations     | 1 2 |  2.5
Conjurations   | 1 2 |  2.0
Hexes          | 1 2 |  2.0
Summonings     | 1 2 |  2.0
Necromancy     | 1 2 |  2.0
Translocations | 1 2 |  2.0
Transmutations | 1 2 |  2.0
Fire Magic     | 1 2 |  2.0
Ice Magic      | 1 2 |  2.0
Air Magic      | 1 2 |  2.0
Earth Magic    | 1 2 |  2.0
Poison Magic   | 1 2 |  2.0
Axes           | 5 |  5.2
Fighting       | 7 |  7.0
Armour         | 7 |  7.0
Shields        | 7 |  7.0

Action                   |  1- 3 |  4- 6 |  7- 9 || total
-------------------------+-------+-------+-------++-------
Melee: War axe           |    97 |   183 |   100 ||   380
       Bite              |     6 |    15 |    15 ||    36
Evoke: Wand              |       |     1 |     3 ||     4
  Use: Scroll            |       |    10 |       ||    10
       Potion            |       |     1 |       ||     1
Armor: Scale mail        |    33 |       |       ||    33
       Plate armour      |    18 |   121 |    42 ||   181
Dodge: Dodged            |    28 |    33 |    14 ||    75
Block: Buckler           |    44 |    97 |    72 ||   213
       Reflection        |       |       |     3 ||     3

Table legend: (Time is in decaauts)
 A = Elapsed time spent in this place.
 B = Non-inter-level travel time spent in this place.
 C = Inter-level travel time spent in this place.
 D = Time resting spent in this place.
 E = Time spent auto-exploring this place.
 F = Levels seen in this place.
 G = Mean time per level.
                   A        B        C        D        E       F      G
               +--------+--------+--------+--------+--------+-----+--------+
         Total |   4263 |   4263 |      0 |    519 |      0 |   4 | 1065.8 |
       Dungeon |   4263 |   4263 |      0 |    519 |      0 |   4 | 1065.8 |
               +--------+--------+--------+--------+--------+-----+--------+

Top non-repeatable levels by time:
     D:3: 1792 daAuts
     D:2: 1164 daAuts
     D:4: 793 daAuts
     D:1: 512 daAuts
